 Dungeon Crawl Stone Soup version 0.19.5 (webtiles) character file.

291 Peloso the Shield-Bearer (level 6, -6/55 HPs)
             Began as a Minotaur Fighter on Apr 9, 2017.
             Was an Initiate of Okawaru.
             Mangled by a phantom (7 damage)
             ... on level 5 of the Dungeon.
             The game lasted 00:07:34 (3668 turns).

Peloso the Shield-Bearer (Minotaur Fighter)         Turns: 3668, Time: 00:07:35

Health: -6/55      AC: 12    Str: 21    XL:     6   Next: 10%
Magic:  5/5        EV:  5    Int:  5    God:    Okawaru [......]
Gold:   7          SH: 10    Dex: 11    Spells: 0 memorised, 5 levels left

rFire  . . .     SeeInvis .     a - +0 long sword
rCold  . . .     Gourm    .     p - +0 plate armour
rNeg   . . .     Faith    .     c - +0 shield
rPois  .         Spirit   .     (helmet restricted)
rElec  .         Reflect  .     (no cloak)
rCorr  .         Harm     .     (no gloves)
MR     .....                    (no boots)
Stlth  ..........               (no amulet)
                                (no ring)
                                v - +1 ring of evasion

@: no status effects
A: retaliatory headbutt, horns 2
a: Renounce Religion


You were on level 5 of the Dungeon.
You worshipped Okawaru.
Okawaru was noncommittal.
You were not hungry.

You visited 2 branches of the dungeon, and saw 6 of its levels.

You collected 91 gold pieces.
You spent 84 gold pieces at shops.

Inventory:

Hand Weapons
 a - a +0 long sword (weapon)
 w - a +3 short sword
Armour
 c - a +0 shield (worn)
 p - a +0 plate armour (worn)
Jewellery
 v - a +1 ring of evasion (left hand)
Scrolls
 e - 3 scrolls of remove curse {unknown}
 h - 3 scrolls of teleportation
 i - 3 scrolls of identify {unknown}
 k - a scroll of fear {unknown}
 q - 2 scrolls of enchant weapon {unknown}
 r - 2 scrolls of amnesia {unknown}
 s - a scroll of enchant armour {unknown}
 t - 2 scrolls of magic mapping
 u - 2 scrolls of blinking {unknown}
Potions
 b - a potion of magic {unknown}
 d - 2 potions of might
 g - 5 potions of curing {unknown}
 m - a potion of flight {unknown}
 n - 2 potions of degeneration {unknown}
 x - a potion of berserk rage {unknown}
Comestibles
 f - 3 bread rations
 j - 2 meat rations
 l - a slice of pizza
 o - 2 fruits


   Skills:
 + Level 4.8 Fighting
 + Level 4.7 Long Blades
 + Level 4.4 Armour
 + Level 1.2 Dodging
 + Level 0.1 Stealth
 + Level 5.4 Shields


You had 5 spell levels left.
You didn't know any spells.

Dungeon Overview and Level Annotations

Branches:
Dungeon (5/15)             Temple (1/1) D:4

Altars:
Dithmenos
Elyvilon
Hepliaklqana
Kikubaaqudgha
Makhleb
Okawaru
Qazlal
Ru
Sif Muna
Trog
Xom
Yredelemnul
Zin
The Shining One
Lugonu

Shops:
D:4 ?=


Innate Abilities, Weirdness & Mutations

You reflexively headbutt those who attack you in melee.
You have a pair of horns on your head.


Message History

You closely miss the orc. You headbutt the orc.
You kill the orc!
Okawaru accepts your kill.
The phantom hits you but does no damage.
You barely miss the phantom. You headbutt the phantom.
The phantom is lightly damaged.
The phantom hits you.
* * * LOW HITPOINT WARNING * * *
Your shield and plate armour prevent you from hitting the phantom.
The phantom is lightly damaged.
You block the phantom's attack.
The phantom blinks!
You completely miss the phantom.
The phantom is lightly damaged.
The phantom hits you!
* * * LOW HITPOINT WARNING * * *
Your plate armour prevents you from hitting the phantom.
Your headbutt misses the phantom.
The phantom is lightly damaged.
The phantom hits you!
You die...

#.. . ?. .# # #. ##.##.#
#.##....... #..#.....#
######.#.....# .....
#......))....#
.....##..W...)##+###
.....#...@....#.####+##
#...#......#.#.......#
#............#.......#
#...................#
#.......†..#........#
+##....))....#........#
..............#........####
.....................<.....
.....#####..^.##.......####


You could see a phantom.

Vanquished Creatures
  An orc priest (D:5)
  An iguana (D:4)
  Natasha (twice) (D:2)
  9 adders
  2 worms (D:2)
  2 leopard geckos
  7 orcs (D:5)
  A ball python (D:3)
  A giant cockroach (D:1)
  9 goblins
  12 hobgoblins
  10 jackals
  9 kobolds
  A ball python skeleton (D:4)
  9 bats
  6 frilled lizards
  13 rats
95 creatures vanquished.

Notes
Turn   | Place    | Note
-------+----------+-------------------------------------------
     0 | D:1      | Peloso the Minotaur Fighter began the quest for the Orb.
     0 | D:1      | Reached XP level 1. HP: 19/19 MP: 0/0
   146 | D:1      | Reached XP level 2. HP: 27/27 MP: 1/1
   356 | D:1      | Reached skill level 4 in Shields
   825 | D:2      | Reached XP level 3. HP: 22/33 MP: 2/2
  1179 | D:2      | Found a shadowy altar of Dithmenos.
  1355 | D:2      | Reached XP level 4. HP: 40/40 MP: 3/3
  1487 | D:2      | Found an ancient bone altar of Kikubaaqudgha.
  1612 | D:2      | Noticed Natasha
  1626 | D:2      | Killed Natasha
  1731 | D:2      | Noticed Natasha
  1741 | D:2      | Killed Natasha
  1741 | D:2      | Reached skill level 1 in Dodging
  2103 | D:3      | Reached XP level 5. HP: 44/46 MP: 4/4
  2419 | D:3      | Found an iron altar of Okawaru.
  2523 | D:3      | Found a white marble altar of Elyvilon.
  2523 | D:3      | Found a glowing silver altar of Zin.
  2523 | D:3      | Found a glowing golden altar of the Shining One.
  2709 | D:4      | Reached skill level 5 in Shields
  2712 | D:4      | Found a stormy altar of Qazlal.
  2904 | D:4      | Found a staircase to the Ecumenical Temple.
  2913 | Temple   | Entered the Ecumenical Temple
  2989 | D:4      | Found Rirghiohu's Jewellery Emporium.
  3213 | D:4      | Found Refum's Magic Scroll Emporium.
  3224 | D:4      | Bought a scroll of teleportation for 39 gold pieces
  3224 | D:4      | Bought a scroll of magic mapping for 45 gold pieces
  3563 | D:3      | Became a worshipper of Warmaster Okawaru
  3593 | D:5      | Entered Level 5 of the Dungeon
  3603 | D:5      | Noticed a phantom
  3657 | D:5      | Reached XP level 6. HP: 10/55 MP: 5/5
  3667 | D:5      | HP: 1/55 [phantom (7)]
  3668 | D:5      | Mangled by a phantom

Skill      XL: |  1  2  3  4  5 |
---------------+----------------+-----
Shields        | 4 5 |  5.4
Long Blades    | 3 4 |  4.7
Armour         | 4 |  4.4
Fighting       | 4 |  4.8
Dodging        | 1 |  1.2
Stealth        | |  0.1

Action                   |  1- 3 |  4- 6 || total
-------------------------+-------+-------++-------
Melee: Long sword        |   105 |   165 ||   270
       Headbutt          |    14 |    26 ||    40
  Eat: Chunk             |     1 |     7 ||     8
       Fruit             |       |     1 ||     1
Armor: Scale mail        |    85 |    20 ||   105
       Plate armour      |       |    97 ||    97
Dodge: Dodged            |    43 |    40 ||    83
Block: Shield            |    83 |   114 ||   197
       Rpst.: Long sword |    16 |    12 ||    28
